 Dungeon Crawl Stone Soup version 0.23.2-33-g5129a83184 (webtiles) character file.

Game seed: 8460631792197417021

46 Anon1729 the Ducker (level 3, 0/29 HPs)
             Began as a Vampire Monk on July 2, 2019.
             Slain by Sigmund
             ... wielding a +0 scythe
              (11 damage)
             ... on level 2 of the Dungeon.
             The game lasted 00:01:49 (1038 turns).

Anon1729 the Ducker (Vampire Monk)                  Turns: 1038, Time: 00:01:49

Health: 0/29       AC:  4    Str: 11 (12) XL:     3   Next: 44%
Magic:  3/3        EV: 14    Int: 12      God:
Gold:   82         SH:  0    Dex: 16 (17) Spells: 2/2 levels left

rFire    . . .     SeeInvis +   a - +0 falchion
rCold    + . .     Gourm    .   (no shield)
rNeg     + + .     Faith    .   b - +0 robe
rPois    +         Spirit   .   (no helmet)
rElec    .         Reflect  .   (no cloak)
rCorr    .         Harm     .   (no gloves)
MR       .....     Clarity  +   (no boots)
Stlth    ++++......             (no amulet)
HPRegen  0.04/turn              (no ring)
MPRegen  0.08/turn              (no ring)

@: regenerating slowly
A: fangs 3, yellow scales 1, see invisible, clarity, deterioration 1, strong 1,
unbreathing
a: Bat Form


You were on level 2 of the Dungeon.
You were thirsty.

You visited 1 branch of the dungeon, and saw 2 of its levels.

You collected 82 gold pieces.

Inventory:

Hand Weapons
 a - a +0 falchion (weapon)
Armour
 b - a +0 robe (worn)
Jewellery
 j - a +3 amulet of reflection {unknown}
Scrolls
 f - a scroll of noise {unknown}
 g - a scroll of enchant weapon {unknown}
 h - a scroll of remove curse {unknown}
 i - 3 scrolls of identify {unknown}
Potions
 c - 12 potions of blood


   Skills:
 + Level 3.0 Fighting
 * Level 3.5 Long Blades
 * Level 3.9 Dodging
 + Level 3.6 Stealth


You had 2 spell levels left.
You didn't know any spells.
Your spell library was empty.

Dungeon Overview and Level Annotations

Branches:
Dungeon (2/15)

Altars:

Annotations:
D:2 Sigmund


Innate Abilities, Weirdness & Mutations

You heal slowly.
You have razor-sharp teeth.
You have supernaturally acute eyesight. (SInv)
You can survive without breathing.
You are partially covered in yellow scales. (AC +2)
You possess an exceptional clarity of mind.
Your body sometimes deteriorates upon taking damage.
Your muscles are strong. (Str +2)


Message History

The adder is lightly wounded.
You closely miss the adder.
The adder is lightly wounded.
The adder barely misses you.
You riposte.
You closely miss the adder.
The adder is lightly wounded.
Sigmund closely misses you.
You hit the adder.
The adder is severely wounded.
The adder bites you.
You miss the adder. Your bite misses the adder.
The adder is severely wounded.
The adder misses you. Sigmund hits you but does no damage. The adder bites you.
* * * LOW HITPOINT WARNING * * *
You see here 11 gold pieces.
You closely miss the adder. You bite the adder.
You draw the adder's blood!
You feel better.
You feel slightly less thirsty.
The adder is almost dead.
The adder closely misses you.
Sigmund hits you from afar with a +0 scythe!
You die...

#...# ####
#...####....
#...#.. ...
#####...#.##.#
........<....#
.............#
....<......@.#
####...#.#####.###.
#...#.@S@.......
#...########....
#.........# .
#######...#####.#
#.........#####.#
.#####.#....##(#
##.#####...##.##.#
#....รท.........#.#
#..#####.#.>.....#


You could see Sigmund and an adder.

Vanquished Creatures
  2 dart slugs (D:1)
  4 leopard geckos
  4 giant cockroaches (D:1)
  3 goblins (D:1)
  6 hobgoblins (D:1)
  3 kobolds
  A quokka (D:2)
  A ball python (D:1)
  3 bats
  3 frilled lizards (D:1)
  4 rats (D:1)
34 creatures vanquished.

Notes
Turn   | Place    | Note
-------+----------+-------------------------------------------
     0 | D:1      | Anon1729 the Vampire Monk began the quest for the Orb.
     0 | D:1      | Reached XP level 1. HP: 17/17 MP: 1/1
    98 | D:1      | Reached XP level 2. HP: 5/23 MP: 2/2
   552 | D:1      | Reached XP level 3. HP: 10/28 MP: 3/3
  1014 | D:2      | Noticed Sigmund
  1020 | D:2      | Gained mutation: Your muscles are strong. (Str +2) [potion
                  | of mutation]
  1020 | D:2      | Gained mutation: You possess an exceptional clarity of
                  | mind. [potion of mutation]
  1020 | D:2      | Gained mutation: Your body sometimes deteriorates upon
                  | taking damage. [potion of mutation]
  1020 | D:2      | Gained mutation: You are partially covered in yellow
                  | scales. (AC +2) [potion of mutation]
  1038 | D:2      | Slain by Sigmund

Skill      XL: |  1  2  3 |
---------------+----------+-----
Fighting       | 3 |  3.0
Long Blades    | |  3.5
Dodging        | |  3.9
Stealth        | |  3.6

Action                   || total
-------------------------++-------
Melee: Falchion          ||    92
       Bite              ||    15
  Use: Potion            ||     2
 Stab: Sleeping          ||     6
Armor: Robe              ||    18
Dodge: Dodged            ||    69
       Rpst.: Falchion   ||    22
